 Dungeon Crawl Stone Soup version 0.23.2-1-ga50397a (webtiles) character file.

Game seed: 15986600456550250175

97251 xelsha the Blocker (level 16, -3/98 HPs)
             Began as a Gargoyle Venom Mage on Apr 18, 2019.
             Was a High Priest of Sif Muna.
             Slain by a five-headed hydra simulacrum (8 damage)
             ... in an ice cave.
             The game lasted 03:48:39 (44461 turns).

xelsha the Blocker (Gargoyle Venom Mage)           Turns: 44461, Time: 03:48:40

Health: -3/98      AC: 34    Str: 15    XL:     16   Next: 19%
Magic:  16/29      EV:  9    Int: 20    God:    Sif Muna [*****.]
Gold:   2060       SH: 12    Dex: 10    Spells: 10/34 levels left

rFire    x x .     SeeInvis .   G - +0 morningstar
rCold    + + +     Gourm    .   u - +0 shield
rNeg     + . .     Faith    .   T - +0 ice dragon scales
rPois    ∞         Spirit   .   A - +0 helmet
rElec    +         Reflect  .   P - +2 cloak {+Inv}
rCorr    .         Harm     .   v - +1 pair of gloves
MR       +....                  S - +2 pair of boots
Stlth    ..........             (no amulet)
HPRegen  1.26/turn              V - ring of wizardry
MPRegen  0.21/turn              Z - ring of ice

@: about to teleport, flying, very slightly contaminated, regenerating
(expiring)
A: big wings, negative energy resistance 1, electricity resistance, unbreathing,
petrification resistance, rot immunity, AC +12
a: Stop Flying, Divine Energy, Channel Magic, Forget Spell, Renounce Religion,
Evoke Invisibility


You were in an ice cave.
You worshipped Sif Muna.
Sif Muna was extremely pleased with you.
You were not hungry.

You visited 5 branches of the dungeon, and saw 25 of its levels.
You also visited: Sewer and Ice Cave.

You collected 3006 gold pieces.
You spent 946 gold pieces at shops.

Inventory:

Hand Weapons
 k - a +0 hand crossbow
 s - a +0 whip of electrocution
 G - a +0 morningstar (weapon)
Missiles
 a - 137 bolts
 x - 8 poisoned javelins (quivered)
Armour
 q - a +2 cloak of cold resistance
 u - a +0 shield (worn)
 v - a +1 pair of gloves (worn)
 A - a +0 helmet (worn)
 N - a +2 hat of magic resistance
 P - a +2 cloak of invisibility (worn)
 S - a +2 pair of boots (worn)
 T - +0 ice dragon scales (worn)
Jewellery
 d - a +4 ring of dexterity
 g - an uncursed ring of protection from cold {unknown}
 i - an uncursed ring of positive energy
 l - an uncursed ring of resist corrosion
 M - an uncursed ring of fire
 Q - an uncursed ring of see invisible
 V - a ring of wizardry (left hand)
 Z - a ring of ice (right hand)
Wands
 o - a wand of enslavement (9)
 w - a wand of digging (13)
 y - a wand of acid (8)
 B - a wand of paralysis (1)
 K - a wand of scattershot (5)
 L - a wand of flame (37)
 Y - a wand of iceblast (12)
Scrolls
 f - 2 scrolls of amnesia
 m - 8 scrolls of identify
 p - 4 scrolls of enchant weapon
 t - 4 scrolls of fear
 z - 8 scrolls of remove curse
 H - 2 scrolls of teleportation
 I - a scroll of magic mapping
Potions
 b - 2 potions of brilliance {unknown}
 e - 4 potions of ambrosia
 h - 2 potions of might
 j - 4 potions of resistance
 n - 2 potions of magic
 r - 3 potions of mutation
 C - 2 potions of haste
 D - 7 potions of curing
 E - 9 potions of flight
 F - 5 potions of lignification
 O - 2 potions of berserk rage
 U - a potion of agility
Miscellaneous
 J - a phantom mirror
Comestibles
 c - 18 rations


   Skills:
 + Level 10.5 Fighting
 + Level 10.2 Maces & Flails
 + Level 5.9 Crossbows
 - Level 8.0 Armour
 - Level 1.5 Dodging
 - Level 2.1 Stealth
 * Level 12.4 Shields
 + Level 9.9 Spellcasting
 - Level 6.0 Conjurations
 - Level 4.0 Hexes
 - Level 4.0 Charms
 - Level 4.0 Necromancy
 - Level 4.0 Translocations
 - Level 4.0 Air Magic
 - Level 10.0 Poison Magic
 - Level 9.5 Invocations
 + Level 2.6 Evocations


You had 10 spell levels left.
You knew the following spells:

 Your Spells              Type           Power        Failure   Level  Hunger
a - Sting                 Conj/Pois      ####         1%          1    None
b - Poisonous Vapours     Pois/Air       #####.       1%          2    None
c - Confusing Touch       Hex            ####..       3%          1    None
d - Mephitic Cloud        Conj/Pois/Air  #####...     3%          3    None
e - Olgreb's Toxic Radia  Pois           #####...     2%          4    ##.....
f - Regeneration          Chrm/Necr      ####......   10%         3    None
g - Blink                 Tloc           N/A          4%          2    None
h - Apportation           Tloc           ####..       3%          1    None
i - Tukima's Dance        Hex            ####....     10%         3    None
j - Passage of Golubria   Tloc           N/A          30%         4    ##.....

Your spell library contained the following spells:

 Spells                   Type           Power        Failure   Level  Hunger
 Magic Dart               Conj           ####         1%          1    None
 Animate Skeleton         Necr           N/A          3%          1    None
 Pain                     Necr           ####         3%          1    None
 Shroud of Golubria       Chrm/Tloc      ####......   4%          2    None
 Slow                     Hex            ####....     4%          2    None
 Dazzling Spray           Conj/Hex       ####..       6%          3    None
 Spider Form              Tmut/Pois      ####......   6%          3    None
 Confuse                  Hex            ####....     10%         3    None
 Gell's Gravitas          Tloc           ####......   10%         3    None
 Lesser Beckoning         Tloc           ####......   10%         3    None
 Teleport Other           Tloc           ####....     10%         3    None
 Vampiric Draining        Necr           ####......   10%         3    None
 Conjure Flame            Conj/Fire      ###.....     14%         3    None
 Beastly Appendage        Tmut           #.....       16%         1    None
 Summon Butterflies       Summ           #.......     16%         1    None
 Summon Small Mammal      Summ           #...         16%         1    None
 Venom Bolt               Conj/Pois      #####.....   16%         5    #####..
 Call Imp                 Summ           #.......     24%         2    None
 Sticks to Snakes         Tmut           #.......     24%         2    None
 Animate Dead             Necr           N/A          30%         4    ##.....
 Alistair's Intoxication  Tmut/Pois      ####....     47%         5    #####..
 Bolt of Draining         Conj/Necr      ####......   47%         5    #####..
 Irradiate                Conj/Tmut      ###.......   75%         5    #####..
 Ice Form                 Ice/Tmut       ##......     82%         4    ##.....
 Petrify                  Tmut/Erth      #.......     82%         4    ##.....
 Metabolic Englaciation   Hex/Ice        ####......   86%         5    #####..
 Yara's Violent Unravell  Hex/Tmut       ###.......   86%         5    #####..
 Blade Hands              Tmut           #.........   98%         5    #####..
 Bolt of Cold             Conj/Ice       ####......   99%         6    ######.
 Freezing Cloud           Conj/Ice/Air   ####......   99%         6    ######.
 Invisibility             Hex            ####....     99%         6    ######.
 Hydra Form               Tmut           #.........   100%        6    ######.
 Ozocubu's Refrigeration  Ice            ##........   100%        6    ######.
 Simulacrum               Ice/Necr       ####......   100%        6    ######.
 Dragon Form              Tmut           #.........   100%        7    #######
 Ring of Flames           Chrm/Fire      ###.......   100%        7    #######
 Statue Form              Tmut/Erth      Unusable     N/A         6    N/A

Dungeon Overview and Level Annotations

Branches:
Dungeon (14/15)            Temple (1/1) D:5            Lair (6/6) D:11
  Swamp (0/4) Lair:3       Spider (2/4) Lair:2        Slime (0/5) Lair:5
    Orc (2/2) D:10            Elf (0/3) Orc:2        Vaults (0/5) D:13

Altars:
Ashenzari
Cheibriados
Dithmenos
Elyvilon
Fedhas
Gozag
Hepliaklqana
Kikubaaqudgha
Makhleb
Nemelex Xobeh
Okawaru
Qazlal
Ru
Sif Muna
Trog
Uskayaw
Vehumet
Wu Jian
Xom
Yredelemnul
Zin
The Shining One
Jiyva
Lugonu

Shops:
D:11 [   Orc:2 %%!!

Annotations:
D:8 Erica
D:11 1 runed translucent door, grocchini's ghost, journeyman CeHu
D:13 Agnes
D:14 Rupert
Lair:5 1 runed translucent door, Jaiteiro's ghost, journeyman GnSk
Orc:2 3 runed translucent doors, Pad's ghost, journeyman MiBe; Tiareth's ghost, journeyman DEWz; grocchini's ghost, journeyman VSFi; heinrich's ghost, journeyman TrMo


Innate Abilities, Weirdness & Mutations

You are resistant to torment.
Your stone body is resilient. (AC +12)
You are immune to poison.
Your large and strong wings let you fly indefinitely.
You resist negative energy. (rN+)
You are resistant to electric shocks. (rElec)
You can survive without breathing.
You are immune to petrification.
You are immune to rotting.


Message History

The five-headed hydra simulacrum freezes you.
You resist.
* * * LOW HITPOINT WARNING * * *
You feel better.
Your skin is crawling a little less now.
You block the dire elephant simulacrum's attack. x2
The five-headed hydra simulacrum bites you but does no damage.
The five-headed hydra simulacrum bites you.
* * * LOW HITPOINT WARNING * * *
The five-headed hydra simulacrum freezes you.
You resist.
* * * LOW HITPOINT WARNING * * *
The five-headed hydra simulacrum bites you.
* * * LOW HITPOINT WARNING * * *
The five-headed hydra simulacrum freezes you.
You resist.
* * * LOW HITPOINT WARNING * * *
The five-headed hydra simulacrum bites you but does no damage.
The five-headed hydra simulacrum bites you!
You die...

##≈≈ ### ##### ###
###≈≈≈≈ ##=##
#≈#≈≈≈≈ ##.#.##
##≈≈≈#≈ #Z#Z#.#
#####≈≈≈≈ ##Z#Z##
##§§.§ ###≈≈
##@#Z##.§§# ##≈≈
####§.☼○#######≈≈≈
##☼°☼#####≈≈≈≈≈≈##
###○§○###≈≈≈≈≈≈≈###Z
#..☼Z##≈≈≈≈≈≈≈≈##..#
#..☼Z.##≈≈≈≈≈≈##..##
###....##########Z.#
###.Z.##...##...#.
##...##...#####


You could see an alligator simulacrum, a five-headed hydra simulacrum and a dire
elephant simulacrum.

Vanquished Creatures
  An orc warlord (Orc:1)
  An emperor scorpion (Spider:1)
  Snorg (Orc:1)
  3 vault guards (D:13)
  Fannar (Lair:3)
  An ice dragon (Spider:2)
  4 hydras
  14 two-headed ogres
  A centaur warrior (D:14)
  A catoblepas (Lair:6)
  A deep troll shaman (Lair:6)
  A tengu warrior (D:13)
  A death knight (D:11)
  2 ogre magi (Orc:2)
  3 death yaks (Lair:5)
  Urug (Lair:1)
  Nergalle (Lair:4)
  A skeletal warrior (D:11)
  2 unseen horrors
  2 deep trolls
  Pikel (D:4)
  A lindwurm (Lair:6)
  2 ugly things (D:13)
  7 wolf spiders
  3 manticores
  4 orb spiders
  5 cyclopes
  A centaur zombie (D:14)
  2 ice statues
  5 elephants
  5 black mambas
  A torpor snail (Lair:5)
  Psyche (D:8)
  8 spiny frogs
  4 gargoyles
  6 komodo dragons
  12 ice devils
  5 freezing wraiths
  4 rime drakes
  3 anaconda simulacra (IceCv)
  6 jumping spiders
  12 trolls
  A hornet (Spider:1)
  A polar bear (Lair:5)
  8 blink frogs
  18 dream sheep
  A wolf spider simulacrum (IceCv)
  6 hippogriffs
  24 redbacks
  A dire elephant simulacrum (IceCv)
  12 tarantellas
  2 wyverns (D:9)
  3 wraiths
  8 humans (D:13)
  53 yaks
  3 basilisks
  A hungry ghost (D:7)
  A death yak simulacrum (IceCv)
  A steam dragon (D:14)
  4 insubstantial wisps
  Menkaure (D:7)
  3 harpy simulacra (IceCv)
  A warg (Orc:2)
  10 water moccasins
  3 hydra simulacra (IceCv)
  10 porcupines
  22 orc warriors
  3 sky beasts
  5 ice beasts
  3 phantoms
  2 black bears
  An eye of draining (D:13)
  11 crocodiles
  15 centaurs
  8 wolves
  An ettin simulacrum (IceCv)
  27 ogres
  8 big kobolds
  13 bullfrogs
  3 gnoll sergeants (D:10)
  A water moccasin zombie (D:7)
  3 scorpions
  A wyvern skeleton (D:11)
  3 killer bees (D:12)
  7 wights
  2 electric eels (D:11)
  5 howler monkeys
  11 crimson imps
  A wyvern simulacrum (D:14)
  9 hounds
  A quasit (D:12)
  A bullfrog skeleton (D:5)
  2 draconian simulacra (IceCv)
  7 jellies
  14 orc priests
  19 orc wizards
  4 centaur skeletons
  4 iguanas
  12 worker ants
  4 troll simulacra (IceCv)
  5 hell rats
  3 spriggan simulacra (IceCv)
  2 wolf simulacra (IceCv)
  4 centaur simulacra (IceCv)
  A hound zombie (D:7)
  2 hound skeletons
  13 adders
  8 gnolls
  4 naga simulacra (IceCv)
  An ogre simulacrum (IceCv)
  15 river rats (Lair:3)
  2 shadow imps
  A white imp (IceCv)
  9 oozes
  7 ufetubi
  An adder zombie (D:5)
  An adder skeleton (D:4)
  5 worms
  A dart slug (D:4)
  4 leopard geckos
  79 orcs
  A ball python (D:3)
  10 giant cockroaches
  7 goblins
  12 hobgoblins
  15 jackals
  21 kobolds
  10 quokkas
  12 bats
  6 frilled lizards
  A jackal skeleton (D:8)
  A quokka skeleton (D:4)
  A quokka zombie (D:5)
  15 rats
  A fungus (Lair:6)
831 creatures vanquished.

Vanquished Creatures (collateral kills)
  A porcupine (Lair:1)
1 creature vanquished.

Vanquished Creatures (others)
  An unseen horror (D:14)
  A human (D:13)
  An ufetubus (IceCv)
  A giant cockroach (D:4)
  A goblin (D:1)
  A jackal (D:1)
  A quokka (D:4)
  A ball python (D:1)
  A bush (Lair:6)
  11 fungi
  19 plants
39 creatures vanquished.

Grand Total: 871 creatures vanquished

Notes
Turn   | Place    | Note
-------+----------+-------------------------------------------
     0 | D:1      | xelsha the Gargoyle Venom Mage began the quest for the Orb.
     0 | D:1      | Reached XP level 1. HP: 10/10 MP: 3/3
   109 | D:1      | Reached XP level 2. HP: 7/16 MP: 3/5
   277 | D:1      | Learned a level 2 spell: Poisonous Vapours
   309 | D:1      | Reached skill level 1 in Fighting
   791 | D:1      | Reached XP level 3. HP: 10/20 MP: 1/6
  1872 | D:2      | Reached skill level 1 in Shields
  2175 | D:2      | Found a hazy altar of Hepliaklqana.
  2306 | D:2      | Reached XP level 4. HP: 26/26 MP: 5/7
  2522 | D:2      | Found an ancient bone altar of Kikubaaqudgha.
  3034 | D:3      | Reached XP level 5. HP: 24/31 MP: 2/8
  3168 | D:3      | Reached skill level 2 in Shields
  3881 | D:3      | Noticed Grinder
  3887 | D:3      | Paralysed by Grinder for 6 turns
  4139 | D:4      | Learned a level 1 spell: Confusing Touch
  4370 | D:4      | Noticed Pikel
  4370 | D:4      | Noticed a slave
  4370 | D:4      | Noticed a slave
  4370 | D:4      | Noticed a slave
  4370 | D:4      | Noticed a slave
  4408 | D:4      | Killed Pikel
  4408 | D:4      | Reached skill level 3 in Shields
  4408 | D:4      | Reached XP level 6. HP: 36/39 MP: 0/11
  4408 | D:4      | Reached XP level 7. HP: 41/44 MP: 0/12
  4503 | D:4      | Found a glowing drain.
  4514 | Sewer    | Entered a sewer
  4702 | Sewer    | Reached skill level 4 in Shields
  5949 | D:4      | Reached XP level 8. HP: 48/48 MP: 8/13
  6362 | D:3      | Noticed Grinder
  6362 | D:3      | Grinder changed into Grinder the crimson imp
  6507 | D:3      | Killed Grinder the crimson imp
  6507 | D:3      | Reached skill level 5 in Fighting
  6883 | D:5      | Entered Level 5 of the Dungeon
  6975 | D:5      | Reached skill level 1 in Maces & Flails
  7059 | D:5      | Found a staircase to the Ecumenical Temple.
  7755 | D:5      | Found a hide-covered altar of Uskayaw.
  7838 | Temple   | Entered the Ecumenical Temple
  8066 | D:6      | Reached skill level 5 in Poison Magic
  8164 | D:6      | Reached XP level 9. HP: 50/55 MP: 13/15
  9769 | D:7      | Reached skill level 5 in Conjurations
 10224 | D:7      | Noticed Menkaure
 10241 | D:7      | Killed Menkaure
 10285 | D:7      | Found a glowing silver altar of Zin.
 10370 | D:7      | You fall through a shaft for 2 floors!
 10430 | D:8      | Found a shimmering altar of Xom.
 10438 | D:8      | Found a deep blue altar of Sif Muna.
 10438 | D:8      | Found a basalt altar of Yredelemnul.
 10442 | D:8      | Found an iron altar of Okawaru.
 10442 | D:8      | Found a shadowy altar of Dithmenos.
 10454 | D:8      | Became a worshipper of Sif Muna the Loreminder
 10832 | D:8      | Reached skill level 5 in Armour
 10936 | D:8      | Found a snail-covered altar of Cheibriados.
 10970 | D:8      | Found a radiant altar of Vehumet.
 10996 | D:8      | Noticed a two-headed ogre
 11009 | D:8      | HP: 2/57 [two-headed ogre/+0 giant club (19)]
 11016 | D:8      | Killed a two-headed ogre
 11016 | D:8      | Reached skill level 5 in Spellcasting
 11016 | D:8      | Reached XP level 10. HP: 4/64 MP: 10/17
 11786 | D:8      | Noticed Psyche
 11801 | D:8      | Killed Psyche
 12327 | D:8      | Reached * piety under Sif Muna
 12596 | D:8      | Reached skill level 1 in Hexes
 12953 | D:8      | Reached skill level 1 in Air Magic
 13701 | D:8      | Noticed Erica
 13902 | D:7      | Learned a level 3 spell: Mephitic Cloud
 13907 | D:7      | Learned a level 4 spell: Olgreb's Toxic Radiance
 14138 | D:7      | Learned a level 3 spell: Regeneration
 14803 | D:9      | Found a blossoming altar of Fedhas.
 15053 | D:9      | Reached ** piety under Sif Muna
 15053 | D:9      | Reached XP level 11. HP: 43/69 MP: 19/19
 15289 | D:9      | Noticed a two-headed hydra
 15309 | D:9      | Killed a two-headed hydra
 15309 | D:9      | Reached skill level 5 in Maces & Flails
 15539 | D:9      | Found a glowing golden altar of the Shining One.
 15626 | D:9      | Found an ornate altar of the Wu Jian Council.
 15626 | D:9      | Noticed a two-headed ogre
 15646 | D:9      | Killed a two-headed ogre
 16144 | D:10     | Entered Level 10 of the Dungeon
 16394 | D:10     | Noticed a two-headed ogre
 16750 | D:10     | Found a staircase to the Orcish Mines.
 17172 | D:10     | Killed a two-headed ogre
 17694 | D:11     | Noticed an unseen horror
 17712 | D:11     | Killed an unseen horror
 17712 | D:11     | Reached *** piety under Sif Muna
 17795 | D:11     | Found a runed translucent door.
 17800 | D:11     | Noticed grocchini's ghost (journeyman CeHu)
 17834 | D:11     | Reached XP level 12. HP: 70/76 MP: 21/21
 17876 | D:11     | Reached skill level 1 in Charms
 18009 | D:11     | Reached skill level 1 in Necromancy
 18104 | D:11     | Found a staircase to the Lair.
 18728 | D:11     | Found Vaha's Armour Boutique.
 18762 | D:11     | Bought a +2 cloak of invisibility for 344 gold pieces
 19268 | D:11     | Noticed a death knight
 19317 | Lair:1   | Entered Level 1 of the Lair of Beasts
 19824 | Lair:1   | Noticed Urug
 20409 | Lair:1   | Reached skill level 5 in Shields
 20418 | Lair:1   | Reached **** piety under Sif Muna
 21531 | Lair:1   | Got a crude leather armour
 21542 | Lair:1   | Identified the +1 leather armour of Ashenzari's Whim {rPois
                  | rC- MP+9 SInv} (You found it on level 1 of the Lair of
                  | Beasts)
 22224 | Lair:2   | Found a hole to the Spider Nest.
 22396 | Lair:2   | Reached skill level 10 in Fighting
 22946 | Lair:3   | Reached skill level 6 in Shields
 23055 | Lair:3   | Found a staircase to the Swamp.
 23078 | Lair:2   | Reached XP level 13. HP: 35/82 MP: 19/24
 23810 | Lair:3   | Noticed Fannar
 23838 | Lair:3   | Reached skill level 1 in Invocations
 23850 | Lair:3   | Killed Fannar
 24351 | Lair:3   | Reached skill level 7 in Shields
 25941 | Lair:4   | Noticed Nergalle
 25954 | Lair:4   | Killed Nergalle
 26067 | Lair:4   | Reached ***** piety under Sif Muna
 27181 | Lair:5   | Identified a scroll of acquirement
 27182 | Lair:5   | Got a pair of ancient gloves
 27193 | Lair:5   | Identified the +0 pair of gloves of the Kangaroo {+Inv
                  | rElec rN++ Str-5 Stlth+} (You acquired it on level 5 of the
                  | Lair of Beasts)
 27328 | Lair:5   | Found a runed translucent door.
 27549 | Lair:5   | Found a viscous altar of Jiyva.
 27549 | Lair:5   | Found a staircase to the Slime Pits.
 27691 | Lair:5   | Noticed Jaiteiro's ghost (journeyman GnSk)
 27695 | Lair:5   | Identified the cursed +0 spear "Heitrico" {pierce, Dex+5}
 27714 | Lair:6   | Entered Level 6 of the Lair of Beasts
 27769 | Lair:5   | HP: 4/82 [black mamba (11)]
 27769 | Lair:5   | HP: 1/82 [black mamba (3)]
 28088 | Lair:5   | Learned a level 2 spell: Blink
 28307 | Lair:6   | Reached skill level 8 in Shields
 28363 | Lair:6   | Learned a level 1 spell: Apportation
 28686 | Lair:6   | HP: 2/82 [rime drake/flash freeze (15)]
 29328 | Lair:6   | Reached skill level 1 in Translocations
 29342 | Lair:6   | Identified Sif Muna's Papyrus of Conjuration (Sif Muna
                  | gifted it to you on level 6 of the Lair of Beasts)
 29342 | Lair:6   | Received a gift from Sif Muna
 30436 | Lair:5   | Reached skill level 10 in Poison Magic
 30717 | Lair:5   | Gained mutation: Your large and strong wings let you fly
                  | indefinitely. [Gargoyle growth]
 30717 | Lair:5   | Reached XP level 14. HP: 72/88 MP: 26/26
 30824 | Lair:6   | Reached skill level 5 in Invocations
 31340 | Lair:6   | Reached skill level 9 in Shields
 31491 | Lair:5   | Reached skill level 1 in Crossbows
 32533 | Lair:6   | Found the +7 mace of Variability {chain chaos}
 33498 | Orc:1    | Entered Level 1 of the Orcish Mines
 33585 | Orc:1    | Noticed Snorg
 33815 | Orc:1    | Killed Snorg
 34039 | Orc:2    | Entered Level 2 of the Orcish Mines
 34657 | Orc:2    | Found a staircase to the Elven Halls.
 34795 | Orc:1    | Noticed an orc warlord
 34882 | Orc:1    | Killed an orc warlord
 35390 | Orc:2    | Reached skill level 10 in Shields
 36015 | Orc:2    | Found Wofoogar's Food Emporium.
 36268 | Orc:2    | Reached XP level 15. HP: 72/92 MP: 21/28
 36324 | Orc:2    | Found Kuam's Food Boutique.
 36329 | Orc:2    | Found Zeckod's Distillery.
 36332 | Orc:2    | Found a runed translucent gate.
 36337 | Orc:2    | Bought a potion of agility for 64 gold pieces
 36337 | Orc:2    | Bought a potion of might for 64 gold pieces
 36337 | Orc:2    | Bought a potion of haste for 160 gold pieces
 36337 | Orc:2    | Bought a potion of curing for 48 gold pieces
 36337 | Orc:2    | Bought a potion of heal wounds for 80 gold pieces
 36337 | Orc:2    | Bought a potion of curing for 48 gold pieces
 36337 | Orc:2    | Bought a potion of curing for 48 gold pieces
 36339 | Orc:2    | Found a runed translucent gate.
 36339 | Orc:2    | Found a runed translucent gate.
 36339 | Orc:2    | Found Aclitoat's Distillery.
 36341 | Orc:2    | Noticed Tiareth's ghost (journeyman DEWz)
 36341 | Orc:2    | Noticed Pad's ghost (journeyman MiBe)
 36342 | Orc:2    | Noticed heinrich's ghost (journeyman TrMo)
 36348 | Orc:2    | Bought a potion of heal wounds for 90 gold pieces
 36356 | Orc:2    | Noticed grocchini's ghost (journeyman VSFi)
 36736 | Lair:1   | Killed Urug
 37105 | D:12     | Found a shattered altar of Ashenzari.
 38569 | D:13     | Reached skill level 11 in Shields
 38690 | D:13     | Found a burning altar of Makhleb.
 39382 | D:13     | Found a gate to the Vaults.
 39415 | D:13     | Got a brightly glowing plate armour
 39426 | D:13     | Identified the +5 plate armour of the Engineer {rElec Str+2
                  | Int+4 Slay+2} (You found it on level 13 of the Dungeon)
 39816 | D:14     | Noticed Agnes
 40910 | D:14     | Noticed Rupert
 40964 | D:12     | Learned a level 3 spell: Tukima's Dance
 41070 | Spider:1 | Entered Level 1 of the Spider Nest
 41220 | Spider:1 | Reached skill level 5 in Crossbows
 41268 | Spider:1 | Reached skill level 1 in Evocations
 41629 | Spider:1 | Reached skill level 12 in Shields
 41815 | Spider:1 | Reached skill level 10 in Maces & Flails
 41822 | Spider:1 | Noticed an emperor scorpion
 41974 | Spider:1 | Killed an emperor scorpion
 42229 | Spider:2 | Reached XP level 16. HP: 97/97 MP: 21/29
 42344 | Spider:2 | Found a frozen archway.
 42405 | IceCv    | Entered an ice cave
 43355 | IceCv    | Received a gift from Sif Muna
 43510 | IceCv    | Learned a level 4 spell: Passage of Golubria
 43958 | IceCv    | Noticed an Ice Fiend
 44461 | IceCv    | Slain by a five-headed hydra simulacrum

Skill      XL: |  1  2  3  4  5  6  7  8  9 10 11 12 13 14 15 |
---------------+----------------------------------------------+-----
Fighting       | 1 2 4 6 7 8 9 10 | 10.5
Shields        | 1 3 4 6 8 10 12 | 12.4
Conjurations   | 2 3 4 5 6 |  6.0
Armour         | 2 3 5 7 8 |  8.0
Spellcasting   | 3 4 5 6 7 8 9 |  9.9
Poison Magic   | 4 5 6 7 8 9 10 | 10.0
Maces & Flails | 2 3 4 6 7 8 9 10 | 10.2
Hexes          | 2 3 4 |  4.0
Air Magic      | 1 3 4 |  4.0
Charms         | 3 4 |  4.0
Necromancy     | 3 4 |  4.0
Invocations    | 4 7 9 |  9.5
Translocations | 1 4 |  4.0
Crossbows      | 3 5 |  5.9
Evocations     | 2 |  2.6
Dodging        | |  1.5
Stealth        | |  2.1

Action                   |  1- 3 |  4- 6 |  7- 9 | 10-12 | 13-15 | 16-18 || total
-------------------------+-------+-------+-------+-------+-------+-------++-------
Melee: Club              |    16 |       |       |       |       |       ||    16
       Unarmed           |     1 |       |       |       |       |       ||     1
       Dagger            |   131 |   121 |    59 |       |       |       ||   311
       Whip              |       |       |   835 |  1407 |   559 |   107 ||  2908
       Morningstar       |       |       |       |    36 |  1526 |   331 ||  1893
 Fire: Hunting sling     |       |       |    38 |       |       |       ||    38
       Hand crossbow     |       |       |       |       |    20 |       ||    20
       Fustibalus        |       |       |       |       |     2 |       ||     2
Throw: Javelin           |       |       |    13 |     4 |    19 |       ||    36
       Throwing net      |       |       |     1 |       |       |       ||     1
 Cast: Sting             |    42 |    24 |    16 |     1 |       |       ||    83
       Poisonous Vapours |     3 |    13 |    34 |    54 |    88 |       ||   192
       Confusing Touch   |       |       |     5 |     5 |    62 |     4 ||    76
       Olgreb's Toxic Ra |       |       |       |    49 |   166 |     3 ||   218
       Regeneration      |       |       |       |     2 |    48 |    20 ||    70
       Blink             |       |       |       |       |    31 |     6 ||    37
Invok: Channel Magic     |       |       |       |       |     1 |       ||     1
 Abil: Fly               |       |       |       |       |     1 |       ||     1
Evoke: Wand              |       |       |     4 |    11 |    25 |    10 ||    50
  Use: Scroll            |       |     8 |     8 |     1 |    24 |     5 ||    46
       Potion            |       |     2 |     3 |     1 |    13 |     6 ||    25
 Stab: Sleeping          |     1 |     2 |     5 |     1 |     8 |       ||    17
       Confused          |       |       |     5 |     8 |    31 |       ||    44
       Held in net/web   |       |       |     1 |       |       |       ||     1
       Distracted        |       |       |       |     1 |       |       ||     1
       Paralysed         |       |       |       |     2 |     3 |       ||     5
  Eat: Chunk             |     5 |     7 |    12 |    29 |    37 |       ||    90
       Ration            |       |       |     6 |     5 |    13 |     3 ||    27
Armor: Robe              |    62 |    16 |       |       |       |       ||    78
       Leather armour    |       |    34 |    96 |   219 |   394 |       ||   743
       Ring mail         |       |       |   281 |   364 |       |       ||   645
       Troll leather arm |       |       |       |       |   596 |    22 ||   618
       Ice dragon scales |       |       |       |       |       |   350 ||   350
Dodge: Dodged            |    96 |    81 |   484 |   606 |   901 |   175 ||  2343
Block: Buckler           |    14 |    23 |   177 |   289 |    86 |       ||   589
       Shield            |       |       |       |       |  1065 |   311 ||  1376
